 Dungeon Crawl Stone Soup version 0.23-a0-180-ga5275e7 (webtiles) character file.

125 Inarius the Skirmisher (level 4, -1/37 HPs)
             Began as a Mummy Fighter on Sept 18, 2018.
             Splashed by Ijyb's acid (14 damage)
             ... on level 3 of the Dungeon.
             The game lasted 00:02:38 (1502 turns).

Inarius the Skirmisher (Mummy Fighter)              Turns: 1502, Time: 00:02:39

Health: -1/37      AC:  2    Str: 20    XL:     4   Next: 82%
Magic:  4/4        EV:  7    Int:  7    God:
Gold:   81         SH: 13    Dex: 11    Spells: 3/3 levels left

rFire    x . .     SeeInvis .   a - +0 war axe
rCold    + . .     Gourm    .   c - +0 shield
rNeg     + + +     Faith    .   b - +0 scale mail
rPois    ∞         Spirit   .   (no helmet)
rElec    .         Reflect  +   (no cloak)
rCorr    .         Harm     .   (no gloves)
MR       .....                  (no boots)
Stlth    ..........             j - +4 amulet of reflection
HPRegen  0.12/turn              (no ring)
MPRegen  0.09/turn              (no ring)

@: corroded
A: no food or potions, fire vulnerability, cold resistance 1, negative energy
resistance 3, torment resistance, unbreathing
a: no special abilities


You were on level 3 of the Dungeon.
You were not hungry.

You visited 1 branch of the dungeon, and saw 3 of its levels.

You collected 81 gold pieces.

Inventory:

Hand Weapons
 a - a +0 war axe (weapon)
Missiles
 i - 7 poisoned javelins (quivered)
Armour
 b - a +0 scale mail (worn)
 c - a +0 shield (worn)
Jewellery
 j - a +4 amulet of reflection (around neck)
Scrolls
 d - a scroll of teleportation {unknown}
 e - 2 scrolls of remove curse {unknown}
 f - a scroll of fog {unknown}
 g - a scroll of immolation {unknown}
 h - a scroll of enchant weapon {unknown}
 k - a scroll of identify {unknown}


   Skills:
 * Level 4.0 Fighting
 - Level 1.5 Axes
 + Level 3.6 Armour
 + Level 3.0 Shields


You had 3 spell levels left.
You didn't know any spells.
Your spell library was empty.

Dungeon Overview and Level Annotations

Branches:
Dungeon (3/15)

Altars:

Annotations:
D:3 Ijyb


Innate Abilities, Weirdness & Mutations

You do not eat or drink.
Your flesh is vulnerable to fire.
You are immune to poison.
Your flesh is cold resistant. (rC+)
You are immune to negative energy. (rN+++)
You are immune to unholy pain and torment.
You can survive without breathing.


Message History

You block Ijyb's attack.
The hobgoblin hits you but does no damage.
You closely miss Ijyb. You hit the hobgoblin. You barely miss the goblin.
Ijyb hits you but does no damage. You block the hobgoblin's attack.
You block the goblin's attack.
You slash Ijyb!
Ijyb is moderately wounded.
You closely miss the goblin. You slash the hobgoblin!
You kill the hobgoblin!
You hit the goblin. Ijyb hits you with a club. You block the goblin's attack.
The goblin hits you but does no damage.
Ijyb zaps a wand.
The bolt of acid hits you!
You are splashed with acid!
The acid burns!
The goblin closely misses you.
You miss Ijyb.
Ijyb is moderately wounded.
You hit the goblin.
You kill the goblin!
You miss the goblin.
Ijyb zaps a wand.
The bolt of acid hits you! The acid corrodes you!
You are splashed with acid!
The acid burns!
You die...

# #..........# .. #
#!.........# .# #
#..........# .# #
#..........# #.#
#####..........###..
..†...#####....
...###
#####....###..#
#....#... ..#
####..###.###g†?.....
..#
##.......@).......
..# #####>..g)>......
..# ......#.........
.## #####...........
.# ###!....#... ..
##...###.. ... #.....
.. .#...


You could see Ijyb and a goblin.

Vanquished Creatures
  Natasha (thrice) (D:2)
  A worm (D:2)
  2 dart slugs (D:1)
  2 ball pythons (D:3)
  4 bats
  3 giant cockroaches (D:2)
  5 hobgoblins
  4 frilled lizards
  9 goblins
  7 kobolds
  7 rats
47 creatures vanquished.

Notes
Turn   | Place    | Note
-------+----------+-------------------------------------------
     0 | D:1      | Inarius the Mummy Fighter began the quest for the Orb.
     0 | D:1      | Reached XP level 1. HP: 18/18 MP: 1/1
    45 | D:1      | Reached XP level 2. HP: 18/24 MP: 2/2
   477 | D:1      | Reached XP level 3. HP: 25/29 MP: 3/3
   751 | D:2      | Noticed Natasha
   760 | D:2      | Killed Natasha
  1009 | D:2      | Reached XP level 4. HP: 37/37 MP: 4/4
  1082 | D:2      | Noticed Natasha
  1096 | D:2      | Killed Natasha
  1325 | D:2      | Noticed Natasha
  1335 | D:2      | Killed Natasha
  1473 | D:3      | Reached skill level 4 in Fighting
  1491 | D:3      | Noticed Ijyb
  1502 | D:3      | Splashed by Ijyb's acid

Vault maps used:
D:1:      moated_graveyard_arrival, st_stairs_11
D:2:      first_ration, minmay_misc_feat_x, uniq_natasha
D:3:      fedhas_altar_1, uniq_sigmund, uniq_ijyb, uniq_robin

Skill      XL: |  1  2  3  4 |
---------------+-------------+-----
Shields        | 3 |  3.0
Armour         | 3 |  3.6
Fighting       | 4 |  4.0
Axes           | |  1.5

Action                   |  1- 3 |  4- 6 || total
-------------------------+-------+-------++-------
Melee: War axe           |    87 |    41 ||   128
Throw: Javelin           |     2 |       ||     2
Armor: Scale mail        |    35 |    18 ||    53
Dodge: Dodged            |    22 |    22 ||    44
Block: Shield            |    40 |    39 ||    79

Table legend:
 A = Non-vault XP
 B = Vault XP
 C = Vault XP percentage of total XP
 D = Non-vault monster count
 E = Vault monster count
 F = Vault count percentage of total count
                 A         B        C        D         E       F
            +---------+---------+-------+---------+---------+-------
      Total |     136 |      43 |  24.0 |      42 |       5 |  10.6
            +---------+---------+-------+---------+---------+-------
        D:1 |      35 |       8 |  18.6 |      22 |       4 |  15.4
        D:2 |      91 |      35 |  27.8 |      13 |       1 |   7.1
        D:3 |      10 |       0 |   0.0 |       7 |       0 |   0.0
            +---------+---------+-------+---------+---------+-------
